 Dungeon Crawl Stone Soup version 0.26-a0-835-g8259106e14 (webtiles) character file.

Game seed: 12760644138897451454

91 sahdkjhfkaj the Chopper (level 4, -6/35 HPs)
             Began as a Human Fighter on Nov 18, 2020.
             Mangled by a gnoll
             ... wielding a +0 halberd
              (9 damage)
             ... on level 2 of the Dungeon.
             The game lasted 00:01:19 (1509 turns).

sahdkjhfkaj the Chopper (Human Fighter)             Turns: 1509, Time: 00:01:20

Health: -6/35      AC:  6    Str: 18    XL:     4   Next: 88%
Magic:  4/4        EV:  7    Int:  8    God:
Gold:   11         SH:  9    Dex: 12    Spells: 3/3 levels left

rFire    . . .     SeeInvis .   a - +0 war axe
rCold    . . .     Faith    .   c - +0 kite shield
rNeg     . . .     Spirit   .   b - +0 scale mail
rPois    .         Reflect  .   (no helmet)
rElec    .         Harm     .   (no cloak)
rCorr    .         Rampage  .   (no gloves)
MR       .....                  (no boots)
Stlth    ..........             (no amulet)
HPRegen  0.11/turn              (no ring)
MPRegen  0.09/turn              (no ring)

@: about to teleport
A: no striking features
a: no special abilities


You were on level 2 of the Dungeon.
You visited 1 branch of the dungeon, and saw 2 of its levels.

You collected 11 gold pieces.

Inventory:

Hand Weapons
 a - a +0 war axe (weapon)
Armour
 b - a +0 scale mail (worn)
 c - a +0 kite shield (worn)
Jewellery
 e - a +4 ring of evasion {unknown}
 h - a cursed ring of teleportation {unknown}
 k - a cursed ring of attention {unknown}
Scrolls
 g - a scroll of identify {!r, unknown}
 j - a scroll of enchant weapon {!r, unknown}
 l - a scroll of fear {!r, unknown}
Potions
 d - a potion of might {!q}
 i - a potion of degeneration {!q, unknown}
 m - a potion of lignification {!q, unknown}
 n - a potion of cancellation {!q, unknown}
 o - a potion of curing {!q}


   Skills:
 - Level 3.0 Fighting
 + Level 4.6 Axes
 - Level 3.0 Armour
 - Level 3.0 Shields


You had 3 spell levels left.
You didn't know any spells.
Your spell library was empty.

Dungeon Overview and Level Annotations

Branches:
Dungeon (2/15)

Altars:
Dithmenos
The Shining One


Message History

The gnoll hits you from afar with a +0 spear!
* * * LOW HITPOINT WARNING * * *
You block the gnoll's attack. x2; The gnoll barely misses you.
The gnoll hits you but does no damage.
You closely miss the gnoll.
The gnoll is severely wounded.
You closely miss the gnoll. The gnoll hits you with a +0 whip!
* * * LOW HITPOINT WARNING * * *
You block the gnoll's attack.
The gnoll hits you from afar with a +0 halberd.
* * * LOW HITPOINT WARNING * * *
The gnoll hits you but does no damage. The gnoll hits you.
* * * LOW HITPOINT WARNING * * *
The gnoll hits you with a +0 whip.
* * * LOW HITPOINT WARNING * * *
Really read
f - a scroll labelled XYQUUGH SACARU {!r}?
As you read the scroll labelled XYQUUGH SACARU {!r}, it crumbles to dust.
You feel strangely unstable.
It was a scroll of teleportation {!r}.
The gnoll hits you from afar with a +0 halberd!
You die...

###########
#.........## ######
#.....)....###....#
#..._.g@(....#.♣♣.♣♣
##..8.g#####...♣..P♣
#[._gg ##.#♣♣†P♣
....... #..♣...♣
###.#.. ##.♣♣.♣♣
#...# .♣..♣♣####
##.. #♣P.♣♣.... #.#
♣P.P♣.... ♣..♣♣)...


You could see 4 gnolls.

Vanquished Creatures
  5 adders
  An ooze (D:1)
  A worm (D:2)
  2 dart slugs (D:1)
  3 leopard geckos (D:1)
  3 giant cockroaches
  8 goblins
  2 hobgoblins
  A bat (D:2)
  3 frilled lizards
  5 kobolds
  2 rats (D:2)
36 creatures vanquished.

Notes
Turn   | Place    | Note
-------+----------+-------------------------------------------
     0 | D:1      | sahdkjhfkaj the Human Fighter began the quest for the Orb.
     0 | D:1      | Reached XP level 1. HP: 18/18 MP: 1/1
   189 | D:1      | Reached XP level 2. HP: 20/24 MP: 2/2
   379 | D:1      | Reached skill level 3 in Axes
   525 | D:1      | Reached XP level 3. HP: 28/29 MP: 3/3
   804 | D:1      | Reached skill level 4 in Axes
   804 | D:1      | Reached XP level 4. HP: 9/35 MP: 4/4
  1498 | D:2      | Found a shadowy altar of Dithmenos.
  1499 | D:2      | Found a glowing golden altar of the Shining One.
  1509 | D:2      | Mangled by a gnoll

Illustrated notes

Levels and vault maps discovered:
D:1:      zelgadis_glass_arrival_small, layout_loops_cross
D:2:      layout_rooms, chequers_temple_overflow_statue_of_worship,
          serial_forest, infiniplex_forest_corner_2,
          infiniplex_forest_straight_5, infiniplex_forest_straight_4,
          infiniplex_forest_join, infiniplex_forest_fountain,
          kennysheep_generic_room_8

Skill      XL: |  1  2  3 |
---------------+----------+-----
Axes           | 3 4 |  4.6
Fighting       | |  3.0
Armour         | |  3.0
Shields        | |  3.0

Action                   |  1- 3 |  4- 6 || total
-------------------------+-------+-------++-------
Melee: War axe           |    71 |    36 ||   107
  Use: Potion            |       |     3 ||     3
       Scroll            |       |     1 ||     1
Armor: Scale mail        |    39 |    31 ||    70
Dodge: Dodged            |    23 |    22 ||    45
Block: Kite shield       |    30 |    29 ||    59

Table legend: (Time is in decaauts)
 A = Elapsed time spent in this place.
 B = Non-inter-level travel time spent in this place.
 C = Inter-level travel time spent in this place.
 D = Time resting spent in this place.
 E = Time spent auto-exploring this place.
 F = Levels seen in this place.
 G = Mean time per level.
                   A        B        C        D        E       F      G
               +--------+--------+--------+--------+--------+-----+--------+
         Total |   1533 |   1533 |      0 |    295 |    983 |   2 |  766.5 |
       Dungeon |   1533 |   1533 |      0 |    295 |    983 |   2 |  766.5 |
               +--------+--------+--------+--------+--------+-----+--------+

Top non-repeatable levels by time:
     D:1: 1134 daAuts
     D:2: 399 daAuts
